Map: [ESL] Amphion

Players

Scarlett

  • Race: Zerg Zerg
  • Spawn Location: 7:00

trigger - Winner!

  • Race: Protoss Protoss
  • Spawn Location: 11:00

Event: ESL SC2 Masters 2024 Spring (Regional)

VOD

Have the link to the VOD?

Description

Time

  • Played on: May 4, 2024, 3:24 p.m.
  • Length: 8:52

All games in this series

Show
View Real Time Build Order
Export as new Build Order

Scarlett Zerg 

Build Orders: Hatch First 

Get SALT Encoding   

  12  0:00  Drone  
  13  0:12  Overlord  
  13  0:17  Drone  
  14  0:31  Drone x2  
  16  0:48  Hatchery  
  15  0:52  Drone  
  15  0:55  Drone  
  17  1:00  Drone  
  18  1:09  Extractor  
  17  1:14  Spawning Pool  
  17  1:17  Drone  
  17  1:22  Drone  
  18  1:28  Drone  
  19  1:39  Drone  
  20  1:50  Drone  
  21  2:01  Drone  
  21  2:02  Queen  
  21  2:03  Queen  
  26  2:08  Zergling x2  
  26  2:11  Overlord  
  27  2:19  Drone  
  28  2:29  Hatchery  
  27  2:31  Drone x2  
  27  2:35  Metabolic Boost  
  29  2:39  Drone  
  30  2:45  Queen  
  30  2:50  Overlord  
  32  2:56  Drone  
  32  2:57  Drone  
  34  3:07  Drone x2  
  34  3:12  Drone x5  
  41  3:17  Queen  
  41  3:19  Drone  
  44  3:28  Overlord  
  44  3:31  Spore Crawler  
  44  3:34  Drone  
  44  3:41  Queen  
  46  3:42  Queen  
  46  3:44  Drone x2  
  46  3:47  Drone x2  
  46  3:48  Drone  
  53  3:51  Drone x2  
  53  3:53  Drone  
  56  3:55  Drone  
  56  3:56  Drone  
  58  4:03  Overlord  
  58  4:06  Roach Warren  
  58  4:08  Overlord  
  57  4:11  Overlord  
  57  4:15  Overlord  
  57  4:16  Overlord  
  57  4:18  Extractor  
  57  4:21  Overlord  
  56  4:28  Drone  
  56  4:29  Drone x3  
  56  4:31  Zergling x6, Extractor  
  62  4:36  Zergling x6  
  65  4:47  Roach x3  
  65  4:51  Roach x5  
  81  4:55  Extractor  
  81  4:57  Roach x2, Zergling x2  
  85  5:05  Zergling x8, Roach  
  91  5:08  Ravager  
  91  5:11  Ravager  
  91  5:12  Zergling x4  
  95  5:17  Overlord  
  94  5:22  Roach  
  94  5:23  Overlord  
  94  5:25  Ravager  
  94  5:26  Overlord  
  94  5:27  Zergling x6  
  95  5:30  Overlord  
  95  5:31  Zergling x6  
  95  5:34  Overlord  
  97  5:36  Queen  
  97  5:40  Ravager  
  94  5:43  Ravager  
  94  5:45  Ravager  
  94  5:46  Zergling x10  
  99  5:50  Spore Crawler  
  99  5:53  Zergling x2, Ravager  
  99  5:54  Zergling x4  
  99  6:00  Zergling x2  
  99  6:01  Ravager  
  99  6:03  Zergling x4  
  100  6:06  Ravager  
  100  6:07  Zergling x8  
  100  6:13  Zergling x6, Ravager  
  101  6:21  Roach x3  
  106  6:28  Zergling x2  
  106  6:29  Roach x3  
  108  6:38  Roach x4  
  114  6:44  Zergling x6  
  114  6:45  Ravager  
  105  6:55  Roach x3  
  105  6:58  Zergling x2  
  105  6:59  Zergling x2, Ravager  
  104  7:07  Zergling x8  
  103  7:09  Zergling x2  
  103  7:12  Ravager  
  103  7:13  Zergling x2  
  103  7:14  Ravager  
  106  7:18  Zergling x2  
  106  7:20  Ravager  
  100  7:23  Zergling x4  
  100  7:24  Zergling x6  
  100  7:27  Zergling x2  
  105  7:30  Ravager  
  105  7:33  Ravager  
  105  7:34  Zergling x2  
  105  7:36  Zergling x2, Queen x2  
  110  7:38  Zergling x2  
  110  7:41  Ravager  
  110  7:43  Ravager  
  108  7:45  Zergling x2  
  108  7:47  Zergling x2  
  105  7:52  Zergling x8  
  105  7:55  Zergling x2  
  105  7:58  Ravager x2  
  110  8:02  Roach  
  111  8:05  Roach x2  
  111  8:10  Roach  
  110  8:13  Spore Crawler  
  110  8:16  Roach x4, Zergling x2  
  113  8:23  Roach  
  113  8:26  Roach x2  
Show
View Real Time Build Order
Export as new Build Order

trigger Protoss - Winner!

Build Orders: 1 Gate Expand, Blink Stalkers 

Get SALT Encoding   

  12  0:00  Probe  
  13  0:12  Probe  
  14  0:18  Pylon  
  14  0:24  Probe (Chrono Boost)  
  15  0:36  Probe (Chrono Boost)  
  15  0:38  Gateway  
  16  0:44  Probe (Chrono Boost)  
  16  0:48  Assimilator  
  17  0:51  Probe  
  18  1:03  Probe  
  19  1:15  Probe  
  20  1:24  Nexus  
  20  1:34  Cybernetics Core  
  20  1:40  Assimilator  
  20  1:43  Probe  
  21  1:50  Pylon  
  21  1:55  Probe (Chrono Boost)  
  22  2:08  Probe (Chrono Boost)  
  23  2:11  Stalker  
  23  2:14  Probe (Chrono Boost)  
  26  2:19  Warp Gate  
  26  2:22  Probe (Chrono Boost)  
  27  2:25  Twilight Council  
  27  2:32  Probe (Chrono Boost)  
  29  2:37  Probe x2 (Chrono Boost)  
  30  2:45  Stalker  
  30  2:49  Probe (Chrono Boost)  
  34  2:54  Probe (Chrono Boost)  
  34  2:57  Probe (Chrono Boost)  
  35  3:01  Probe (Chrono Boost)  
  35  3:02  Blink (Chrono Boost)  
  35  3:03  Probe  
  37  3:09  Gateway  
  37  3:15  Probe (Chrono Boost)  
  37  3:19  Robotics Facility  
  38  3:21  Probe (Chrono Boost)  
  38  3:26  Pylon  
  40  3:29  Probe x2 (Chrono Boost)  
  40  3:31  Assimilator  
  41  3:37  Probe  
  42  3:42  Gateway  
  42  3:43  Gateway  
  42  3:45  Probe  
  43  3:49  Probe  
  44  3:57  Probe  
  44  3:59  Assimilator  
  44  4:00  Gateway  
  44  4:01  Gateway  
  46  4:02  Probe  
  46  4:03  Observer (Chrono Boost)  
  47  4:14  Pylon  
  47  4:17  Stalker x2  
  47  4:20  Warp Prism (Chrono Boost)  
  53  4:28  Pylon  
  53  4:37  Stalker x2  
  57  4:41  Stalker  
  57  4:42  Stalker  
  61  4:55  Pylon  
  61  5:01  Stalker x3  
  61  5:02  Stalker  
  69  5:07  Pylon  
  69  5:17  Stalker  
  69  5:18  Stalker  
  72  5:25  Stalker  
  72  5:26  Stalker x2  
  78  5:31  Stalker  
  78  5:35  Pylon  
  80  5:43  Stalker  
  80  5:44  Stalker  
  84  5:57  Stalker  
  84  5:58  Pylon, Stalker  
  84  6:02  Stalker x2  
  92  6:08  Stalker  
  94  6:12  Stalker  
  94  6:15  Pylon  
  94  6:22  Stalker x2  
  98  6:28  Observer  
  98  6:32  Zealot  
  101  6:36  Stalker  
  101  6:39  Stalker  
  105  6:44  Stalker  
  105  6:45  Stalker  
  105  7:00  Stalker x3  
  103  7:02  Zealot  
  101  7:11  Stalker x2  
  103  7:27  Stalker  
  103  7:28  Stalker x2  
  105  7:31  Stalker, Probe  
  106  7:41  Stalker x2  
  110  7:54  Pylon  
  110  7:55  Forge  
  110  7:58  Stalker  
  110  8:10  Stalker  
  110  8:12  Stalker x4  
  108  8:32  Stalker  
  108  8:33  Stalker  
  100  8:37  Stalker x4  
Tags
 
Add a new tag
Caveats
  • Supply blocks, unpowered buildings, or Contaminate may cause inaccurate times.
  • Supply counts are checked every 10 seconds.